[Event "Early-Titled-Tuesday-Blitz-July-09-2024"]
[Site "Chess.com"]
[Date "2024.07.09"]
[Round "11"]
[White "Matols"]
[Black "Smiechu"]
[Result "0-1"]
[WhiteElo "2365"]
[BlackElo "2452"]
[TimeControl "180+1"]
[EndTime "10:06:46 PDT"]
[Termination "Smiechu won by resignation"]

1. d4 Nf6 2. c4 c5 3. d5 e6 4. Nc3 exd5 5. cxd5 d6 6. e4 g6 7. h3 Bg7 8. Nf3 O-O 9. Bd3 b5 10.
Nxb5 Re8 11. O-O Nxe4 12. Bf4 a6 13. Nc3 Nxc3 14. bxc3 Bxc3 15. Qc2 Bg7 16. Rfe1 Rxe1+ 17. Rxe1 Nd7 18. Bxd6 Bb7 19. Be7 Qa5 20. Bc4 Ne5 21.
Rb1 Nxf3+ 22. gxf3 Qc7 23. d6 Qc6 24. Rb3 Bf8 25. Qe4 Qxe4 26. fxe4 Bxe4 27. Re3 Bxe7 28.
dxe7 Bc6 29. f4 Kg7 30. Kf2 Re8 31. Bxa6 Kf6 32. Bc4 Rxe7 33. Rxe7 Kxe7 34. Ke3 f6 35. Bb3 Kd6 36. a4 h6 37. a5 Bb5 38. h4 c4 39. Bc2 Kc5 40. Bxg6 Kb4 41. a6 Bxa6 42. Be4 c3 43. Bc2 Bc4 44. Kd4 Bb3 45. Bf5 c2 46. Bxc2 Bxc2 47. Kd5 Bf5 48. Kd6 Bg4 49. f5 Bxf5 50. Ke7 Bg4 51. Kxf6 h5 52. Kg5 Kc4 53. Kf4 Kd4 54. Kg3 Ke3 55. Kh2 Kf3 56. Kh1 Kg3 57.
Kg1 Kxh4 58. Kh2 Kg5 59. Kg3 h4+ 60. Kh2 Kf4 61. Kg2 h3+ 62. Kh2 Kf3 63. Kh1 Kg3 64. Kg1 h2+ 0-1

[Event "Early-Titled-Tuesday-Blitz-July-09-2024"]
[Site "Chess.com"]
[Date "2024.07.09"]
[Round "11"]
[White "VaglioSagan"]
[Black "Gyulamiryan-koryun"]
[Result "1-0"]
[WhiteElo "2516"]
[BlackElo "1917"]
[TimeControl "180+1"]
[EndTime "10:06:47 PDT"]
[Termination "VaglioSagan won by resignation"]

1. d4 Nf6 2. c4 c5 3. d5 b5 4. a4 bxc4 5. Nc3 g6 6. e4 d6 7. Bxc4 Bg7 8. Nf3 O-O 9. O-O Bg4 10. h3 Bxf3 11. Qxf3 Nbd7 12. Qe2 Ne5 13. Ba2 Rb8 14. f4 Ned7 15. e5 Nh5 16. e6 Ng3 17. Qe1 Bd4+ 18.
Rf2 fxe6 19. dxe6 Nf6 20. Be3 Nf5 21. Bxd4 Nxd4 22. Nd5 Nb3 23. Rd1 Nd4 24. f5 Nxf5 25. g4 Nd4 26. Nxf6+ Rxf6 27. Rxf6 exf6 28. e7+ Kg7 29.
exd8=Q Nf3+ 30. Kf1 Nxe1 31. Qxb8 Nf3 32. Qxd6 Ng5 33.
Qd7+ 1-0

[Event "Early-Titled-Tuesday-Blitz-July-09-2024"]
[Site "Chess.com"]
[Date "2024.07.09"]
[Round "11"]
[White "GM_Huschenbeth"]
[Black "oykuince"]
[Result "1-0"]
[WhiteElo "2519"]
[BlackElo "2186"]
[TimeControl "180+1"]
[EndTime "10:06:48 PDT"]
[Termination "GM_Huschenbeth won by checkmate"]

1. e4 c5 2. d4 cxd4 3. c3 Nf6 4.
e5 Nd5 5. Nf3 e6 6. cxd4 Nc6 7.
Bc4 d6 8. O-O Be7 9. Qe2 O-O 10.
Nc3 Nxc3 11. bxc3 dxe5 12. dxe5 Qa5 13. Bd3 g6 14. Rb1 a6 15. Qe3 Rd8 16. Bc2 Qxa2 17. Rb2 Qa5 18. Qh6 Bf8 19. Qh4 Qxc3 20. Ng5 h6 21.
Nxf7 Kxf7 22. Qf6+ Ke8 23. Bxg6+ Kd7 24. Rc2 Qxe5 25.
Rd1+ Bd6 26. Qf7+ Ne7 27. Bf4 Qxf4 28. Qxf4 Nd5 29. Qf7+ Be7 30. Rxd5+ exd5 31. Qxd5+ Bd6 32. Bf5+ Ke7 33. Re2+ Kf8 34. g3 Bxf5 35. Qxf5+ Kg7 36. Re6 Rac8 37. Rg6+ Kh8 38. Rxh6+ Kg8 39. Qg6+ Kf8 40. Rh8+ Ke7 41. Rh7+ Kf8 42. Qf7# 1-0

[Event "Early-Titled-Tuesday-Blitz-July-09-2024"]
[Site "Chess.com"]
[Date "2024.07.09"]
[Round "11"]
[White "KVAIDAN"]
[Black "noblerone"]
[Result "0-1"]
[WhiteElo "2317"]
[BlackElo "2490"]
[TimeControl "180+1"]
[EndTime "10:06:49 PDT"]
[Termination "noblerone won on time"]

1. f4 c5 2. Nf3 Nc6 3. e4 g6 4.
d3 d5 5. e5 Bg4 6. Be2 Nh6 7.
O-O Nf5 8. h3 Bxf3 9. Bxf3 h5 10. Nc3 e6 11. Qe1 Ncd4 12. Bd1 h4 13. Ne2 Qb6 14.
c3 Nc6 15. a4 Be7 16. c4 Ncd4 17. a5 Qc7 18. cxd5 exd5 19. Nxd4 Nxd4 20. Ba4+ Kf8 21.
Be3 Nf5 22. Bf2 Kg7 23. Rc1 b6 24. b4 Rad8 25. e6 f6 26. bxc5 bxc5 27. Bd7 Rb8 28. Qd2 d4 29. Qe2 Qxa5 30. Qg4 Qc7 31. Be1 Qd6 32. Bf2 a5 33. Ra1 Qc7 34. Ra4 Rb4 0-1

[Event "Early-Titled-Tuesday-Blitz-July-09-2024"]
[Site "Chess.com"]
[Date "2024.07.09"]
[Round "11"]
[White "Shuvalov"]
[Black "SharathRk6"]
[Result "0-1"]
[WhiteElo "2574"]
[BlackElo "2473"]
[TimeControl "180+1"]
[EndTime "10:06:50 PDT"]
[Termination "SharathRk6 won by resignation"]

1. c4 e5 2. Nc3 Nf6 3. Nf3 Nc6 4.
d4 exd4 5. Nxd4 Bb4 6. Nc2 Bxc3+ 7. bxc3 O-O 8. Bg5 h6 9. Bh4 d6 10. e3 Ne5 11. Nd4 Ng6 12. Bg3 Re8 13. Bd3 Ne5 14. Be2 Ne4 15. Qc2 Nxg3 16. hxg3 Be6 17. Nxe6 Rxe6 18. Rd1 Qe7 19. O-O Re8 20. Rd4 Nd7 21.
Bg4 Rf6 22. Bxd7 Qxd7 23. c5 Qc6 24. cxd6 Rxd6 25. Rfd1 Red8 26. Qb3 b6 27. g4 a5 28. a4 Qc5 29. R1d2 Qc6 30. Qd1 Qxc3 31. Rxd6 Rxd6 32.
Rxd6 cxd6 33. Qxd6 Qe1+ 34. Kh2 Qxf2 35. Qxb6 Qh4+ 36. Kg1 Qe1+ 37. Kh2 Qb4 38. Qxb4 axb4 39. a5 b3 40. a6 b2 41. a7 b1=Q 42. a8=Q+ Kh7 43. Qf3 Qg6 44. Qf5 Qxf5 45. gxf5 Kg8 46. Kg3 Kf8 47. Kf4 Ke7 48. Ke5 Kd7 49. e4 Ke7 50. g4 g6 51. Kd5 gxf5 52. gxf5 Kf6 53. Kd4 h5 54. Ke3 Ke5 55. Kf3 h4 56. f6 Kxf6 57.
Kg4 Ke5 58. Kxh4 Kxe4 59. Kg3 f5 60. Kg2 Ke3 61. Kf1 Kf3 62. Kg1 Ke2 63. Kg2 f4 0-1

[Event "Early-Titled-Tuesday-Blitz-July-09-2024"]
[Site "Chess.com"]
[Date "2024.07.09"]
[Round "11"]
[White "Dreamer_01"]
[Black "AmbartsumianTyhran2012"]
[Result "0-1"]
[WhiteElo "2447"]
[BlackElo "2564"]
[TimeControl "180+1"]
[EndTime "10:06:50 PDT"]
[Termination "AmbartsumianTyhran2012 won by resignation"]

1. c4 e6 2. Nf3 Nf6 3. g3 d5 4. b3 c5 5. Bg2 Be7 6. O-O O-O 7.
Bb2 d4 8. d3 Nc6 9. Nbd2 e5 10.
a3 a5 11. Ng5 Qc7 12. Nge4 Nxe4 13. Bxe4 Be6 14. Bg2 f5 15. Qc2 h5 16. Nf3 g5 17. h4 g4 18. Nh2 Bf6 19. Qd2 Qg7 20. Kh1 Rf7 21. Rg1 Raf8 22. Bxc6 bxc6 23. Qxa5 Be7 24.
Qd2 f4 25. Bc1 Qg6 26. Bb2 e4 27. Raf1 e3 28. Qe1 Bd6 29. gxf4 Bxf4 30. f3 g3 31. Rxg3 Bxg3 32. Rg1 Rg7 33. Qf1 Bxh4 34. Rxg6 Rxg6 35. b4 Bf2 36. Ng4 hxg4 37. bxc5 gxf3 38. Bxd4 fxe2 39. Qh3 Bxh3 40. Kh2 Rf3 0-1

[Event "Early-Titled-Tuesday-Blitz-July-09-2024"]
[Site "Chess.com"]
[Date "2024.07.09"]
[Round "11"]
[White "queenazo"]
[Black "maurovargas01"]
[Result "1-0"]
[WhiteElo "1697"]
[BlackElo "1947"]
[TimeControl "180+1"]
[EndTime "10:06:51 PDT"]
[Termination "queenazo won by checkmate"]

1. e4 d5 2. exd5 Qxd5 3. Nc3 Qa5 4. d4 c6 5. Bd2 Qc7 6. Bc4 Nf6 7. Nf3 Bg4 8. O-O e6 9. h3 Bh5 10. g3 Bd6 11. Qe2 O-O 12. Ne4 Nxe4 13. Qxe4 Nd7 14. Ng5 Nf6 15. Qh4 h6 16. Nf3 Bxf3 17. Bxh6 Bh5 18. Bd3 gxh6 19. Qxf6 Bxg3 20. Qxh6 Bh2+ 21. Kg2 Bf3+ 22. Kxf3 f5 23. Qg6+ Qg7 24. Qxe6+ Kh8 25. Rh1 Bc7 26. Rag1 Qh7 27. Rg6 Qh5+ 28. Ke3 f4+ 29. Kd2 Kh7 30. Rg5+ Kh8 31. Rxh5+ Kg7 32. Qg6# 1-0

[Event "Early-Titled-Tuesday-Blitz-July-09-2024"]
[Site "Chess.com"]
[Date "2024.07.09"]
[Round "11"]
[White "MaxLeto"]
[Black "Mikhail_Golubev"]
[Result "0-1"]
[WhiteElo "2491"]
[BlackElo "2630"]
[TimeControl "180+1"]
[EndTime "10:06:54 PDT"]
[Termination "Mikhail_Golubev won by resignation"]

1. g4 d5 2. Bg2 Na6 3. h3 c6 4.
d4 Nc7 5. c4 dxc4 6. Nc3 h5 7.
g5 g6 8. Nf3 Bg7 9. e4 c5 10.
d5 b5 11. Be3 b4 12. Na4 c3 13. bxc3 bxc3 14. Rb1 e6 15. d6 c2 16. Qxc2 Qxd6 17. O-O Ne7 18. Rfd1 Qc6 19. Nxc5 O-O 20. Nd4 Qe8 21. Nd3 Na6 22. Nb5 Bd7 23. Nd6 Ba4 24. Qd2 Qd7 25. Nc5 Nxc5 26. Bxc5 Bxd1 27. Rxd1 Rad8 28. f4 Qc6 29. Ba3 Qa4 30. Qe3 Qxd1+ 31. Kh2 Rxd6 32. Bf3 Qd3 33. Qf2 Qxa3 0-1

[Event "Early-Titled-Tuesday-Blitz-July-09-2024"]
[Site "Chess.com"]
[Date "2024.07.09"]
[Round "11"]
[White "LileKoridze"]
[Black "johnmez"]
[Result "0-1"]
[WhiteElo "2393"]
[BlackElo "2277"]
[TimeControl "180+1"]
[EndTime "10:06:55 PDT"]
[Termination "johnmez won by checkmate"]

1. d4 Nf6 2. c4 e6 3. Nf3 c5 4. d5 b5 5. cxb5 Nxd5 6. e4 Nc7 7. Nc3 d6 8. Be2 Be7 9. O-O O-O 10.
Be3 Nd7 11. Qd2 Nb6 12. Rfd1 a6 13. bxa6 Bxa6 14. a3 Nc4 15. Bxc4 Bxc4 16. Bf4 e5 17. Be3 Ne6 18. Nd5 Nd4 19. Bxd4 cxd4 20. Nb4 Qd7 21. Rac1 Rac8 22. Nxd4 exd4 23. Qxd4 Qe6 24. Nd5 Bxd5 25. exd5 Qd7 26. g3 Bf6 27. Qd2 g6 28. b4 Ra8 29.
Rc6 Rxa3 30. Rdc1 Re8 31. b5 Rb3 32. b6 Qf5 33. Rxd6 Rb2 34. Qf4 Qxf4 35. gxf4 Bd4 36. Rf1 Bxb6 37. Rc6 Ree2 38. d6 Bxf2+ 39. Kh1 Rbd2 40.
Rc8+ Kg7 41. f5 Bh4 42. f6+ Bxf6 43. Rfc1 Rxh2+ 44. Kg1 Bd4+ 45. Kf1 Rh1# 0-1

[Event "Early-Titled-Tuesday-Blitz-July-09-2024"]
[Site "Chess.com"]
[Date "2024.07.09"]
[Round "11"]
[White "GrumbleBruno"]
[Black "Rile-Man"]
[Result "0-1"]
[WhiteElo "2522"]
[BlackElo "2648"]
[TimeControl "180+1"]
[EndTime "10:06:57 PDT"]
[Termination "Rile-Man won by resignation"]

1. e4 Nc6 2. Nc3 d6 3. d4 g6 4. f4 Bg7 5. Be3 e5 6. Bb5 exd4 7. Bxd4 Nf6 8. e5 dxe5 9. Bxc6+ bxc6 10. Bxe5 Qe7 11. Qe2 O-O 12. O-O-O Bg4 13. Nf3 Nd5 14. Nxd5 cxd5 15. Rhe1 Rfe8 16. h3 Bf5 17. Qf2 Qd7 18.
Bxg7 Kxg7 19. Rxe8 Rxe8 20. Qd4+ f6 21. Qxd5 Qa4 22. Qb3 Qxf4+ 23. Kb1 Re2 24. Rc1 Rxg2 25. Qa3 Kh6 26. Qf8+ Kh5 27. Ne1 Rg1 28. Nd3 Rxc1+ 29.
Nxc1 Qc4 30. Nd3 Bxd3 31. cxd3 Qxd3+ 32. Kc1 Qe3+ 33. Kc2 Qxh3 34. Qxf6 Qf5+ 0-1

[Event "Early-Titled-Tuesday-Blitz-July-09-2024"]
[Site "Chess.com"]
[Date "2024.07.09"]
[Round "11"]
[White "GeorgiosSouleidis"]
[Black "MdChess1734"]
[Result "1-0"]
[WhiteElo "2634"]
[BlackElo "2422"]
[TimeControl "180+1"]
[EndTime "10:06:58 PDT"]
[Termination "GeorgiosSouleidis won by resignation"]

1. e4 c6 2. Nc3 d5 3. Nf3 Bg4 4. h3 Bxf3 5. Qxf3 e6 6. d4 Nd7 7. Bd3 Bb4 8. O-O Ne7 9. a3 Ba5 10. Qg3 dxe4 11. Nxe4 Nf5 12. Nd6+ Nxd6 13. Qxd6 Bc7 14.
Qb4 Qh4 15. Qxb7 Qd8 16. Qxc6 O-O 17. c3 Rc8 18. Qf3 Nf6 19. Bf4 Bxf4 20. Qxf4 Qb6 21.
Rab1 Rfd8 22. Rfd1 Nd5 23. Qe4 g6 24. Qe2 Nf4 25.
Qf3 Qd6 26. Bf1 g5 27. c4 Rb8 28. b4 h6 29. g3 Ng6 30. Rbc1 Qf8 31. Bg2 Qg7 32. Qe4 Rd7 33. Qe3 Rbd8 34. d5 e5 35.
c5 f5 36. c6 Rf7 37. d6 f4 38. Qb3 f3 39. Bxf3 Qf6 40. c7 Rc8 41. d7 1-0

[Event "Early-Titled-Tuesday-Blitz-July-09-2024"]
[Site "Chess.com"]
[Date "2024.07.09"]
[Round "11"]
[White "esskeettit"]
[Black "adreyd"]
[Result "1-0"]
[WhiteElo "2532"]
[BlackElo "2413"]
[TimeControl "180+1"]
[EndTime "10:06:59 PDT"]
[Termination "esskeettit won on time"]

1. d4 Nf6 2. c4 e6 3. Nc3 Bb4 4. Qc2 d6 5. e4 Bxc3+ 6. bxc3 e5 7. Bd3 O-O 8. Ne2 c5 9. d5 Ne8 10. O-O Nc7 11. f4 Bd7 12. Be3 f6 13. Rf3 b5 14.
Raf1 bxc4 15. Bxc4 exf4 16. Nxf4 Re8 17. Rg3 Re5 18. Be2 Qe7 19. Nh5 Ne8 20. Bf4 Rxe4 21. Bd3 Re1 22. Bxh7+ Kh8 23. Bd3 Rxf1+ 24. Bxf1 g5 25.
Bd2 Qf7 26. Be2 Ng7 27. Nxg7 Kxg7 28. h4 Qxd5 29. hxg5 f5 30. Bf3 Qe5 31. Rh3 Nc6 32.
g6 1-0

[Event "Early-Titled-Tuesday-Blitz-July-09-2024"]
[Site "Chess.com"]
[Date "2024.07.09"]
[Round "11"]
[White "ACollins05"]
[Black "NikFil2013"]
[Result "0-1"]
[WhiteElo "2484"]
[BlackElo "2410"]
[TimeControl "180+1"]
[EndTime "10:06:59 PDT"]
[Termination "NikFil2013 won by resignation"]

1. g3 d5 2. Bg2 c5 3. Nf3 Nc6 4. d4 cxd4 5. Nxd4 Nf6 6. O-O e6 7. c4 Bc5 8. Nxc6 bxc6 9. Nc3 O-O 10. b3 Ba6 11. Bb2 dxc4 12. Bxc6 Rc8 13. Bb5 Bxb5 14. Nxb5 cxb3 15. axb3 Qb6 16. Nc3 Rfd8 17. Qb1 Qxb3 18.
Rc1 Rd2 19. Ba3 Qc4 20. Ne4 Qxe4 21. Bxc5 h6 22. Be3 Rxc1+ 23. Qxc1 Rxe2 24. Rxa7 Ng4 25. Ra3 Qf3 26. Bb6 Qe4 27. Be3 h5 28. h3 Nxe3 29.
Rxe3 Rxe3 30. fxe3 Qf3 31. Qe1 g6 32. Kh2 Kg7 33. Qc3+ Kh7 34. Qe1 e5 35. e4 Qd3 36.
Kg2 Qc2+ 37. Kg1 Qc6 38. Kg2 Qe6 39. h4 Qc6 40. Kh2 Qc2+ 41. Kg1 Qd3 42. Qf2 Qd4 43. Qxd4 exd4 44. Kf2 Kg7 45. Ke2 Kf6 46. Kd3 Ke5 0-1

[Event "Early-Titled-Tuesday-Blitz-July-09-2024"]
[Site "Chess.com"]
[Date "2024.07.09"]
[Round "11"]
[White "BashirliSaadat"]
[Black "Chernov_Alexander_A"]
[Result "1-0"]
[WhiteElo "2409"]
[BlackElo "2284"]
[TimeControl "180+1"]
[EndTime "10:06:59 PDT"]
[Termination "BashirliSaadat won on time"]

1. d4 Nf6 2. e3 e6 3. f4 b6 4.
Bd3 Bb7 5. Nf3 Be4 6. O-O Be7 7. Qe2 O-O 8. Nbd2 Bxd3 9. cxd3 c5 10. dxc5 bxc5 11. e4 Nc6 12. b3 a5 13. Bb2 a4 14.
bxa4 Rxa4 15. Nb3 Qa8 16. Bc3 Qa7 17. Kh1 Ra8 18. Nc1 Nb4 19. Bxb4 Rxb4 20. Nd2 Rb2 21. Qd1 d5 22. exd5 exd5 23. a4 h5 24. Nf3 Rb4 25.
Ne5 Rxa4 26. Nc6 Rxa1 27. Nxa7 R8xa7 28. Qe2 Bd6 29. Nb3 Rxf1+ 30. Qxf1 Ng4 31. h3 Nf6 32. Qc1 Ra4 33. Nxc5 Rxf4 34. Nb3 Rf2 35. Qe1 Rb2 36. Nd4 h4 37. Nf5 g5 38. Nxd6 Nh5 39. Qe8+ Kh7 40.
Qxf7+ Ng7 41. Nf5 Rb1+ 42. Kh2 Rb7 43. Qxb7 Kg6 44. Qxg7+ Kxf5 45. Qf7+ 1-0

[Event "Early-Titled-Tuesday-Blitz-July-09-2024"]
[Site "Chess.com"]
[Date "2024.07.09"]
[Round "11"]
[White "K_A_S_T_O_R"]
[Black "Zohid6"]
[Result "0-1"]
[WhiteElo "2855"]
[BlackElo "2982"]
[TimeControl "180+1"]
[EndTime "10:07:00 PDT"]
[Termination "Zohid6 won on time"]

1. e4 e5 2. Nf3 Nf6 3. d3 Nc6 4.
c3 d5 5. Nbd2 Bc5 6. Be2 O-O 7.
O-O a5 8. b3 d4 9. cxd4 Nxd4 10. Bb2 Re8 11. Rc1 b6 12. Nc4 Nxf3+ 13. Bxf3 Bd4 14.
Bxd4 Qxd4 15. Ne3 c5 16. Qc2 Ba6 17. Rfd1 Rad8 18. Be2 Qd6 19. h3 g6 20. a3 Nd7 21.
Nd5 Bb7 22. Ne3 Nf8 23. Nc4 Qc7 24. b4 Ne6 25. bxa5 bxa5 26. Qc3 Nd4 27. Rd2 Ba6 28. Bd1 Bxc4 29. Qxc4 Rc8 30. Rb2 Rb8 31. Rcb1 Rxb2 32. Rxb2 Rb8 33. Qc3 Rxb2 34. Qxb2 c4 35. dxc4 Qc5 36. Kh2 Kg7 37. Be2 h5 38. Bd3 Ne6 39.
g3 h4 40. gxh4 Nf4 41. Bf1 Kh6 42. Kg3 Nh5+ 43. Kf3 Nf4 44. Qc3 Qd6 45. Kg3 Qd1 0-1

[Event "Early-Titled-Tuesday-Blitz-July-09-2024"]
[Site "Chess.com"]
[Date "2024.07.09"]
[Round "11"]
[White "theoneandonlydaaevik"]
[Black "DawidCzerw"]
[Result "0-1"]
[WhiteElo "2600"]
[BlackElo "2501"]
[TimeControl "180+1"]
[EndTime "10:07:00 PDT"]
[Termination "DawidCzerw won by resignation"]

1. Nf3 c5 2. g3 g6 3. Bg2 Bg7 4. O-O Nc6 5. c4 e5 6. Nc3 Nge7 7. d3 d6 8. a3 a5 9. Rb1 h6 10. Ne1 Be6 11. Nc2 d5 12. cxd5 Nxd5 13. Ne3 Nde7 14. a4 O-O 15. Nc4 b6 16. Be3 Rb8 17.
Qd2 Kh7 18. h4 Qd7 19. f4 Rfd8 20. fxe5 Bxc4 21. Ne4 Be6 22. Nf6+ Bxf6 23. exf6 Nf5 24. Rxf5 Bxf5 25. Bxh6 Rg8 26. Rf1 Ne5 27. e4 Bh3 28.
Bg7 Rxg7 29. fxg7 Bxg2 30. Kxg2 Kxg7 31. Qf4 Re8 32. Qf6+ Kg8 33. h5 Qxd3 34. hxg6 Qxe4+ 35. Kh2 Ng4+ 0-1

[Event "Early-Titled-Tuesday-Blitz-July-09-2024"]
[Site "Chess.com"]
[Date "2024.07.09"]
[Round "11"]
[White "Veleamater"]
[Black "Viacheslav92"]
[Result "1-0"]
[WhiteElo "2433"]
[BlackElo "2567"]
[TimeControl "180+1"]
[EndTime "10:07:01 PDT"]
[Termination "Veleamater won by checkmate"]

1. g3 g6 2. Bg2 Bg7 3. d3 d6 4.
e4 c5 5. Nc3 Nc6 6. f4 e6 7. Nf3 Nge7 8. O-O O-O 9. h3 Nd4 10. g4 f5 11. exf5 gxf5 12. g5 Qc7 13. h4 Bd7 14. h5 Bc6 15. Nh4 Bxg2 16. Kxg2 b5 17. Kh3 b4 18. Ne2 Nec6 19. Rg1 Nxe2 20. Qxe2 Nd4 21. Qf2 Qb7 22. h6 Bh8 23. Be3 Rf7 24.
g6 hxg6 25. Nxg6 Kh7 26. Rg3 Bf6 27. c3 bxc3 28. bxc3 Nc6 29. Rag1 Ne7 30. Nxe7 Qxe7 31. Qg2 Qf8 32. Rg6 Re8 33. d4 cxd4 34. cxd4 e5 35.
dxe5 dxe5 36. Qf3 exf4 37. Bxf4 Re4 38. Qh5 Rxf4 39. Rg7+ Kh8 40. Rxf7 Qa3+ 41. Rg3 Qd6 42. Rh7+ Kxh7 43. Qf7+ Kxh6 44. Qg6# 1-0

[Event "Early-Titled-Tuesday-Blitz-July-09-2024"]
[Site "Chess.com"]
[Date "2024.07.09"]
[Round "11"]
[White "mind1mover"]
[Black "artin10862"]
[Result "0-1"]
[WhiteElo "2824"]
[BlackElo "2947"]
[TimeControl "180+1"]
[EndTime "10:07:04 PDT"]
[Termination "artin10862 won on time"]

1. c4 e5 2. Nf3 Nc6 3. d4 exd4 4. Nxd4 Bc5 5. Nxc6 bxc6 6. g3 h5 7. h3 Qf6 8. e3 Qe6 9. Nd2 Nf6 10. Bg2 O-O 11.
O-O d5 12. Nb3 Bd6 13. Nd4 Qe8 14. b3 h4 15. g4 Ne4 16. Bb2 Bd7 17. Rc1 Qe5 18.
f4 Qe7 19. Bxe4 dxe4 20. Qe1 c5 21. Ne2 a5 22. Nc3 a4 23. Nd5 Qd8 24. Qc3 f6 25. Qe1 axb3 26. axb3 Qb8 27. Rb1 Qxb3 28. Bxf6 Qxc4 29.
Be7 Qxd5 30. Bxf8 Rxf8 31. Qxh4 c4 32. Rbd1 Qc5 33. Qg3 c3 34. Rd4 c2 35. Rc1 Bxf4 36.
Qf2 Bd6 37. Qd2 Qe5 38. Qg2 Rf3 39. Rxc2 Rg3 0-1

[Event "Early-Titled-Tuesday-Blitz-July-09-2024"]
[Site "Chess.com"]
[Date "2024.07.09"]
[Round "11"]
[White "Iball95"]
[Black "BeanScreen"]
[Result "1-0"]
[WhiteElo "2915"]
[BlackElo "2713"]
[TimeControl "180+1"]
[EndTime "10:07:06 PDT"]
[Termination "Iball95 won by checkmate"]

1. e4 e5 2. Nf3 Nc6 3. Nc3 Nf6 4. Bb5 Bd6 5. a3 O-O 6. d3 a6 7. Bc4 b5 8. Ba2 Be7 9. Nd5 d6 10. h3 Be6 11. O-O Re8 12. Be3 Bf8 13. Re1 Bxd5 14.
exd5 Ne7 15. c4 Nf5 16. Bd2 bxc4 17. dxc4 e4 18. Nh2 g6 19. Rc1 Bg7 20. Bb1 Nd7 21. Bc3 Bxc3 22. Rxc3 Nc5 23. Nf1 Qf6 24. Qd2 Na4 25.
Rb3 Nd4 26. Rbe3 Qg5 27. Qxd4 Nc5 28. b4 Nd7 29. Rxe4 Ne5 30. Ng3 f5 31. Rxe5 dxe5 32. Qc5 Re7 33. d6 cxd6 34. Qd5+ Kg7 35. Qxa8 e4 36. Qd5 e3 37. Qd4+ Re5 38. Rxe3 f4 39. Rxe5 dxe5 40. Qd7+ Kh6 41. Ne4 Qh5 42. Qd8 f3 43.
Qf8# 1-0

[Event "Early-Titled-Tuesday-Blitz-July-09-2024"]
[Site "Chess.com"]
[Date "2024.07.09"]
[Round "11"]
[White "Puzzlebot_1294"]
[Black "atbenina64"]
[Result "1-0"]
[WhiteElo "2707"]
[BlackElo "2805"]
[TimeControl "180+1"]
[EndTime "10:07:06 PDT"]
[Termination "Puzzlebot_1294 won on time"]

1. d4 Nf6 2. Bf4 g6 3. Nc3 d5 4.
e3 Bg7 5. h4 c5 6. Nb5 Na6 7.
c3 Qb6 8. a4 Bd7 9. Be2 h5 10.
Nf3 Bg4 11. Ne5 Bxe2 12. Qxe2 Qd8 13. Qc2 Nd7 14. Nf3 O-O 15. O-O Re8 16. Rfd1 Nf8 17. Be5 Bxe5 18. dxe5 e6 19. e4 Re7 20. exd5 exd5 21. Nd6 Qd7 22. Rxd5 b6 23. Rad1 Qc6 24. Ne4 Nc7 25. Rd6 Qb7 26. Nf6+ Kg7 27. Qd2 Ne8 28. Qg5 Nxd6 29. exd6 Re2 30. Nxh5+ Kh7 31. Nf6+ Kg7 32.
Ng4 Nd7 33. Nfe5 Nxe5 34. Qh6+ 1-0

[Event "Early-Titled-Tuesday-Blitz-July-09-2024"]
[Site "Chess.com"]
[Date "2024.07.09"]
[Round "11"]
[White "AndresDelgado77"]
[Black "CristianS27"]
[Result "0-1"]
[WhiteElo "2324"]
[BlackElo "2492"]
[TimeControl "180+1"]
[EndTime "10:07:06 PDT"]
[Termination "CristianS27 won on time"]

1. e4 e5 2. Nc3 Nf6 3. d4 exd4 4. Qxd4 Nc6 5. Qc4 Bb4 6. Bd2 O-O 7. O-O-O Re8 8. f3 d6 9. Nge2 Be6 10. Qb5 a6 11. Qg5 a5 12. Nf4 a4 13. a3 Bc5 14. Nxe6 fxe6 15.
Bc4 Kh8 16. Qh4 Ne5 17. Ba2 c6 18. f4 Ng6 19. Qg3 b5 20. e5 Nd5 21. Ne4 Nge7 22. Ng5 Nf5 23. Nf7+ Kg8 24. Nxd8 Nxg3 25. hxg3 Raxd8 26.
exd6 Rxd6 27. c4 Ne3 28. Rde1 Nxc4 29. Bxc4 bxc4 30. Re5 Bd4 31. Ra5 Bxb2+ 32. Kc2 Red8 33. Bb4 c3 34. Bxd6 Rxd6 35. Rxa4 Rd2+ 36. Kb3 Rxg2 37. Rh3 Ba1 38. Rc4 Rb2+ 0-1

[Event "Early-Titled-Tuesday-Blitz-July-09-2024"]
[Site "Chess.com"]
[Date "2024.07.09"]
[Round "11"]
[White "Oleg_Papayan"]
[Black "Ordekalog"]
[Result "0-1"]
[WhiteElo "2603"]
[BlackElo "2726"]
[TimeControl "180+1"]
[EndTime "10:07:07 PDT"]
[Termination "Ordekalog won on time"]

1. d4 d5 2. Nc3 Nf6 3. Bf4 c6 4. Nf3 Bf5 5. e3 e6 6. Ne5 Bb4 7. g4 Bg6 8. f3 Nbd7 9. h4 Qa5 10.
Qd2 Nxe5 11. dxe5 d4 12. Qxd4 Nd5 13. a3 Bxc2 14. Rc1 Bxc3+ 15. bxc3 Bb3 16. Kf2 Rd8 17. Bg5 Rd7 18. Be2 h6 19. Bf4 c5 20. Qe4 Nxc3 21.
Rxc3 Qxc3 22. Bb5 O-O 23. Bxd7 Qd2+ 24. Kg3 Qxd7 25. g5 h5 26. g6 Bd5 27. gxf7+ Qxf7 28. Qc2 c4 29. Rg1 Kh8 30. Kf2 b5 31. Rg5 a5 32. Qc3 Ra8 33. Qb2 Bc6 34. Qd4 Kg8 35.
Qd6 Qd7 36. Qc5 Rc8 37. Rxh5 Bxf3 0-1

[Event "Early-Titled-Tuesday-Blitz-July-09-2024"]
[Site "Chess.com"]
[Date "2024.07.09"]
[Round "11"]
[White "DucksParadise"]
[Black "maracayo"]
[Result "1-0"]
[WhiteElo "2617"]
[BlackElo "2449"]
[TimeControl "180+1"]
[EndTime "10:07:07 PDT"]
[Termination "DucksParadise won on time"]

1. b3 d6 2. Bb2 e5 3. e3 Nf6 4. Nf3 Be7 5. c4 c6 6. Nc3 O-O 7. Be2 Re8 8. O-O Nbd7 9. d4 e4 10. Nd2 d5 11. f3 exf3 12. Bxf3 Bb4 13. cxd5 Bxc3 14. Bxc3 Nxd5 15. Bxd5 cxd5 16. e4 dxe4 17. d5 e3 18. Qf3 Nf6 19. Qg3 Nh5 20. Qf3 Nf6 21. Bxf6 Qxf6 22. Qxf6 gxf6 23. Nc4 Bd7 24. Rxf6 b5 25. Nd6 Re5 26. Re1 Rf8 27. Rf3 Rxd5 28. Ne4 f5 29. Nc3 Rd3 30. Rfxe3 Rxe3 31. Rxe3 f4 32. Re7 Bc6 33. b4 Rf6 34. Kf2 1-0

[Event "Early-Titled-Tuesday-Blitz-July-09-2024"]
[Site "Chess.com"]
[Date "2024.07.09"]
[Round "11"]
[White "tylityli"]
[Black "Gryffindorac8"]
[Result "1/2-1/2"]
[WhiteElo "2408"]
[BlackElo "2497"]
[TimeControl "180+1"]
[EndTime "10:07:11 PDT"]
[Termination "Game drawn by repetition"]

1. d4 Nf6 2. c4 c5 3. d5 b5 4. Nd2 bxc4 5. e4 e6 6. Bxc4 exd5 7. exd5 d6 8. Ne2 g6 9. Nc3 Bg7 10. Qe2+ Qe7 11. Qxe7+ Kxe7 12. O-O Rd8 13. Nb3 Ba6 14.
Na5 Bxc4 15. Nxc4 Na6 16. Nb5 Nxd5 17. Re1+ Kf8 18. Nbxd6 Nab4 19. Rd1 Nb6 20. Bf4 Nc2 21. Rac1 Nd4 22. Kf1 Bf6 23. Nb7 Rdc8 24. Nxc5 Rxc5 25. Bd6+ Be7 26. Bxc5 Bxc5 27. b4 Nxc4 28. Rxc4 Bb6 29. Rcxd4 Bxd4 30. Rxd4 Ke7 31. a4 Rc8 32. Ke2 Rc2+ 33.
Ke3 Ra2 34. b5 Ra3+ 35. Ke2 Ra2+ 36. Ke3 Ra3+ 37. Ke2 Ra2+ 38. Ke3 1/2-1/2

[Event "Early-Titled-Tuesday-Blitz-July-09-2024"]
[Site "Chess.com"]
[Date "2024.07.09"]
[Round "11"]
[White "patzer-reloaded"]
[Black "NowInChess"]
[Result "1-0"]
[WhiteElo "2341"]
[BlackElo "2206"]
[TimeControl "180+1"]
[EndTime "10:07:11 PDT"]
[Termination "patzer-reloaded won by checkmate"]

1. d4 Nf6 2. Bf4 e6 3. Nf3 d5 4. e3 Bd6 5. Ne5 O-O 6. Nd2 Nfd7 7. Bd3 Nc6 8. Nxc6 bxc6 9. Qh5 Nf6 10. Qh4 Bxf4 11. exf4 a5 12. O-O Ba6 13. Bxa6 Rxa6 14. Rfe1 Rb6 15. b3 a4 16. Re3 Qe7 17. Rae1 axb3 18. axb3 c5 19. Nf3 cxd4 20. Nxd4 c5 21. Nf5 Qd8 22. Nxg7 Kxg7 23. Rh3 Rh8 24. Re5 Kf8 25.
f5 Rb8 26. Rf3 Ne4 27. Qh6+ Ke7 28. fxe6 Qf8 29. Rxf7+ Qxf7 30. exf7+ Kxf7 31. Qh5+ Kf6 32. Qf5+ Kg7 33. Re7+ Kg8 34. Qf7# 1-0